 Dungeon Crawl Stone Soup version 0.21-a0-401-g0b6bec4 (webtiles) character file.

122838 kae the Earth Mage (level 16, 0/97 HPs)
             Began as a Gargoyle Earth Elementalist on Oct 23, 2017.
             Was a High Priest of Vehumet.
             Splashed by a brown ugly thing's acid (11 damage)
             ... on level 14 of the Dungeon.
             The game lasted 01:02:18 (42226 turns).

kae the Earth Mage (Gargoyle Earth Elementalist)   Turns: 42226, Time: 01:02:18

Health: 0/97       AC: 14    Str:  8    XL:     16   Next: 88%
Magic:  0/31       EV: 23    Int: 25    God:    Vehumet [*****.]
Gold:   277        SH:  0    Dex: 10    Spells: 5/37 levels left

rFire    . . .     SeeInvis .   y - staff of poison
rCold    . . .     Gourm    .   (no shield)
rNeg     + . .     Faith    .   c - +1 robe
rPois    ∞         Spirit   +   I - +0 helmet
rElec    +         Reflect  .   M - scarf {cloud immunity}
rCorr    .         Harm     .   B - +0 pair of gloves
MR       ++...                  (no boots)
Stlth    ++........             n - amulet of guardian spirit
HPRegen  0.26/turn              j - ring of protection from magic
MPRegen  0.22/turn              F - +6 ring of evasion

@: corroded, flying
A: big wings, repulsion field 1, clever 1, deterioration 1, negative energy
resistance 1, electricity resistance, weak 2, unbreathing, petrification
resistance, rot immunity, MP-powered wands, AC +12
a: Stop Flying, Renounce Religion


You were on level 14 of the Dungeon.
You worshipped Vehumet.
Vehumet was extremely pleased with you.
You were very hungry.

You visited 4 branches of the dungeon, and saw 24 of its levels.
You also visited: Ice Cave and Volcano.

You collected 2230 gold pieces.
You spent 1953 gold pieces at shops.

Inventory:

Hand Weapons
 i - a +1 club
Missiles
 b - 68 stones (quivered)
Armour
 c - a +1 robe (worn)
 z - the +0 helmet of the Worm {Regen+ Str+4 Dex+3}
   (You bought it in a shop on level 2 of the Orcish Mines)

   It affects your strength (+4).
   It affects your dexterity (+3).
   It increases your rate of regeneration.
 B - a +0 pair of gloves (worn)
 I - a +0 helmet (worn)
 M - a scarf of cloud immunity (worn)
Magical Staves
 y - an uncursed staff of poison (weapon)
 K - an uncursed staff of air
Jewellery
 a - a +3 ring of dexterity
 j - a ring of protection from magic (left hand)
 n - an amulet of guardian spirit (around neck)
 w - an uncursed ring of protection from magic
 D - an uncursed ring of protection from fire
 F - a +6 ring of evasion (right hand)
 Q - an uncursed ring of protection from fire
 R - an uncursed ring of magical power
 T - an uncursed ring of fire
 Y - an uncursed ring of protection from magic
Wands
 g - a wand of confusion (17/48)
 r - a wand of lightning (12/15)
Scrolls
 h - 6 scrolls of recharging
 l - 7 scrolls of remove curse
 m - 2 scrolls of teleportation
 t - 2 scrolls of magic mapping
 H - 3 scrolls of enchant weapon
 N - 15 scrolls of identify
 P - 2 scrolls of amnesia
 V - a scroll of enchant armour
Potions
 f - 3 potions of resistance
 p - 2 potions of brilliance
 s - 2 potions of lignification
 u - 2 potions of haste
 v - 3 potions of heal wounds
 x - 2 potions of cancellation
 C - 3 potions of curing
 J - 2 potions of mutation
 O - a potion of invisibility
 X - 3 potions of agility
Books
 e - a book of Geomancy

   Spells                             Type                      Level
   a - Sandblast                      Earth                        1
   b - Passwall                       Transmutation/Earth          2
   c - Stone Arrow                    Conjuration/Earth            3
   d - Petrify                        Transmutation/Earth          4
   e - Lee's Rapid Deconstruction     Earth                        5
 q - a book of Clouds

   Spells                             Type                      Level
   a - Poisonous Vapours              Poison/Air                   2
   b - Mephitic Cloud                 Conjuration/Poison/Air       3
   c - Conjure Flame                  Conjuration/Fire             3
   d - Freezing Cloud                 Conjuration/Ice/Air          6
   e - Ring of Flames                 Charms/Fire                  7
 E - a book of the Earth

   Spells                             Type                      Level
   a - Leda's Liquefaction            Hexes/Earth                  4
   b - Bolt of Magma                  Conjuration/Fire/Earth       5
   c - Statue Form                    Transmutation/Earth          6
   d - Iron Shot                      Conjuration/Earth            6
   e - Shatter                        Earth                        9
 G - a book of Cantrips

   Spells                             Type                      Level
   a - Confusing Touch                Hexes                        1
   b - Animate Skeleton               Necromancy                   1
   c - Summon Small Mammal            Summoning                    1
   d - Apportation                    Translocation                1
 L - a book of Minor Magic

   Spells                             Type                      Level
   a - Magic Dart                     Conjuration                  1
   b - Blink                          Translocation                2
   c - Call Imp                       Summoning                    2
   d - Slow                           Hexes                        2
   e - Conjure Flame                  Conjuration/Fire             3
   f - Mephitic Cloud                 Conjuration/Poison/Air       3
 S - a book of Death

   Spells                             Type                      Level
   a - Corpse Rot                     Necromancy                   2
   b - Sublimation of Blood           Necromancy                   2
   c - Agony                          Necromancy                   5
   d - Dispel Undead                  Necromancy                   5
   e - Excruciating Wounds            Charms/Necromancy            5
   f - Bolt of Draining               Conjuration/Necromancy       5
Comestibles
 d - 16 bread rations
 k - 8 meat rations
 o - 4 royal jellies
 A - 16 fruits


   Skills:
 + Level 10.0 Fighting
 - Level 7.0(8.5) Maces & Flails
 * Level 7.4(8.7) Staves
 + Level 9.8 Armour
 + Level 7.6 Dodging
 - Level 2.1 Stealth
 + Level 11.4 Spellcasting
 + Level 12.6 Conjurations
   Level 0.7 Transmutations
 + Level 16.8 Earth Magic


You had 5 spell levels left.
You knew the following spells:

 Your Spells              Type           Power        Failure   Level  Hunger
a - Sandblast             Erth           ######       0%          1    None
b - Stone Arrow           Conj/Erth      ######       1%          3    None
c - Lee's Rapid Deconstr  Erth           #######...   1%          5    ###....
d - Conjure Flame         Conj/Fire      #####...     1%          3    None
e - Iron Shot             Conj/Erth      ######....   1%          6    #####..
f - Bolt of Magma         Conj/Fire/Erth ######....   1%          5    ###....
g - Shatter               Erth           #######...   56%         9    #######


Dungeon Overview and Level Annotations

Branches:
Dungeon (15/15) Temple (1/1) D:5 Lair (6/6) D:9 Swamp (0/4) Lair:2 Snake (0/4) Lair:4 Slime (0/5) Lair:5 Orc (2/2) D:11 Elf (0/3) Orc:2 Vaults (0/5) D:12 D:13 Depths: D:15

Altars:
Ashenzari
Cheibriados
Dithmenos
Elyvilon
Fedhas
Gozag
Hepliaklqana
Kikubaaqudgha
Makhleb
Nemelex Xobeh
Okawaru
Qazlal
Ru
Sif Muna
Trog
Uskayaw
Vehumet
Wu Jian
Xom
Yredelemnul
Zin
The Shining One
Beogh
Jiyva

Shops:
D:11 :   Orc:2 }}(*?

Annotations:
D:8 Iwannabefree's ghost, novice MiSk
Lair:5 1 runed door


Innate Abilities, Weirdness & Mutations

You are resistant to torment.
Your stone body is resilient. (AC +12)
You are immune to poison.
Your large and strong wings let you fly indefinitely.
You resist negative energy. (rN+)
You are resistant to electric shocks. (rElec)
You can survive without breathing.
You are immune to petrification.
You are immune to rotting.
You are surrounded by a mild repulsion field. (EV +2)
Your mind is acute. (Int +2)
Your body sometimes deteriorates upon taking damage.
You are very weak. (Str -4)
You expend magic power (3 MP) to strengthen your wands.


Message History

You hit the brown ugly thing but do no damage.
The brown ugly thing is almost dead.
The brown ugly thing closely misses you.
Casting: Sandblast
Confirm with . or Enter, or press ? or * to list all spells.
You don't have enough magic to cast that spell.
Okay, then.
The brown ugly thing punches you but does no damage.
Casting: Sandblast
Confirm with . or Enter, or press ? or * to list all spells.
Aiming: Sandblast
Press: ? - help, Shift-Dir - straight line, f/p - brown ugly thing
Aim: a brown ugly thing (almost dead)
The blast of sand hits the brown ugly thing.
The brown ugly thing is almost dead.
b - 68 stones The brown ugly thing punches you.
* * * LOW HITPOINT WARNING * * *
The acid corrodes you!
You are splashed with acid!
The acid burns!
You die...

######### ........# #######
######### ........### #.....#
#........
........'.###.....#######........
........#...'...@.')!............
........#####.†u..#######........
###'##### #.>...# ######.## #.#
#).)..# #..# #.# #.....# #.## #.#
###'### ##.# #.# #..# #..# #.#
######'###### ######### #.#
#.......#...###.'.'.'.#


You could see a brown ugly thing.

Vanquished Creatures
  A stone giant (Orc:1)
  A dire elephant (Lair:5)
  Nessos (Lair:4)
  A red draconian (Volcano)
  2 ogre magi
  Harold (D:10)
  5 hydras
  2 catoblepae
  5 centaur warriors
  12 two-headed ogres
  A deep troll shaman (Lair:6)
  A tengu warrior (D:13)
  9 death yaks
  5 orc high priests
  Urug (D:10)
  A sphinx zombie (D:15)
  A lindwurm (Lair:6)
  6 orc knights
  A necromancer (IceCv)
  A deep elf mage (D:12)
  A stone giant zombie (D:15)
  A cyclops (D:12)
  4 ugly things
  Maurice (D:10)
  A manticore (D:13)
  14 elephants
  3 black mambas
  3 ice statues (IceCv)
  2 molten gargoyles (Volcano)
  3 centaur skeletons
  7 spiny frogs
  A torpor snail (Lair:6)
  A yaktaur zombie (D:15)
  A kobold demonologist (D:10)
  An efreet (D:13)
  11 komodo dragons
  A rime drake (Lair:5)
  11 ice devils (IceCv)
  3 trolls
  A tengu conjurer (D:13)
  2 polar bears
  A harpy skeleton (D:13)
  A hornet (D:8)
  18 blink frogs
  10 dream sheep (Lair:6)
  8 hippogriffs
  Sigmund (D:3)
  6 wyverns
  Eustachio (D:5)
  A vampire (D:14)
  16 humans (D:12)
  2 wraiths
  41 yaks
  Grum (D:8)
  2 fire bats (Volcano)
  2 chaos spawn (D:13)
  2 basilisks
  2 hungry ghosts
  4 vampire mosquitoes (D:14)
  A warg (Orc:1)
  4 nagas (Lair:4)
  3 soldier ants
  17 water moccasins
  An acid dragon (D:12)
  6 porcupines
  12 ice beasts
  5 sky beasts
  13 ogres
  30 orc warriors
  3 black bears
  A phantom (D:9)
  13 wolves
  17 centaurs
  A necrophage (D:8)
  18 crocodiles
  3 big kobolds
  14 bullfrogs
  8 scorpions
  12 killer bees
  10 wights
  2 howler monkeys
  3 jellies
  6 lava snakes (Volcano)
  3 electric eels (Lair:6)
  3 crimson imps
  A quasit (D:10)
  2 bullfrog zombies
  3 bullfrog skeletons
  4 draconian simulacra (IceCv)
  4 hounds
  30 orc priests
  3 iguanas
  14 orc wizards
  17 worker ants
  2 troll simulacra (IceCv)
  2 centaur simulacra
  A hound zombie (D:9)
  A worker ant zombie (D:11)
  A howler monkey zombie (D:6)
  A howler monkey skeleton (D:7)
  8 adders
  4 gnolls (D:3)
  2 ogre simulacra (IceCv)
  A naga simulacrum (IceCv)
  A shadow imp (D:5)
  An adder zombie (D:6)
  4 adder skeletons
  4 worms
  2 dart slugs
  6 leopard geckos
  74 orcs
  8 giant cockroaches
  5 goblins
  8 hobgoblins
  19 jackals
  4 quokkas
  6 bats
  4 frilled lizards
  A jackal skeleton (D:8)
  27 kobolds
  A leopard gecko skeleton (D:7)
  3 rats
738 creatures vanquished.

Vanquished Creatures (others)
  22 fungi
  25 plants
  A withered plant (D:15)
48 creatures vanquished.

Grand Total: 786 creatures vanquished

Notes
Turn   | Place    | Note
-------+----------+-------------------------------------------
     0 | D:1      | kae the Gargoyle Earth Elementalist began the quest for the Orb.
     0 | D:1      | Reached XP level 1. HP: 10/10 MP: 3/3
   551 | D:1      | Reached skill level 4 in Earth Magic
   551 | D:1      | Reached XP level 2. HP: 10/15 MP: 3/5
  1234 | D:2      | Reached XP level 3. HP: 8/19 MP: 3/6
  1831 | D:2      | Reached XP level 4. HP: 24/24 MP: 8/8
  2398 | D:3      | Noticed Sigmund
  2465 | D:3      | Reached skill level 5 in Earth Magic
  3100 | D:3      | Reached XP level 5. HP: 23/28 MP: 3/10
  3211 | D:3      | Learned a level 3 spell: Stone Arrow
  3327 | D:3      | Found a glowing golden altar of the Shining One.
  3627 | D:3      | Killed Sigmund
  3627 | D:3      | Reached skill level 6 in Earth Magic
  3627 | D:3      | Reached XP level 6. HP: 32/32 MP: 5/12
  4125 | D:4      | Reached XP level 7. HP: 35/36 MP: 4/13
  4452 | D:4      | Found a bloodstained altar of Trog.
  4481 | D:4      | Reached skill level 7 in Earth Magic
  4850 | D:5      | Entered Level 5 of the Dungeon
  4936 | D:5      | Reached skill level 5 in Spellcasting
  5272 | D:5      | Found a shattered altar of Ashenzari.
  5473 | D:5      | Found a staircase to the Ecumenical Temple.
  5492 | D:5      | Found an opulent altar of Gozag.
  5571 | Temple   | Entered the Ecumenical Temple
  5632 | Temple   | Became a worshipper of Vehumet
  5695 | D:5      | Noticed Eustachio
  5699 | D:5      | Reached XP level 8. HP: 37/41 MP: 8/15
  5848 | D:5      | Killed Eustachio
  6196 | D:5      | Reached skill level 5 in Conjurations
  6196 | D:5      | Reached skill level 8 in Earth Magic
  6855 | D:6      | Found a hide-covered altar of Uskayaw.
  7260 | D:6      | Found a glowing silver altar of Zin.
  7906 | D:7      | Reached XP level 9. HP: 42/45 MP: 14/18
  7954 | D:7      | Reached skill level 9 in Earth Magic
  7955 | D:7      | Reached * piety under Vehumet
  7955 | D:7      | Offered knowledge of Shock by Vehumet.
  9012 | D:7      | Found a hide-covered altar of Uskayaw.
  9012 | D:7      | Found a shadowy altar of Dithmenos.
  9205 | D:8      | Noticed Grum
  9464 | D:8      | Reached skill level 10 in Earth Magic
  9479 | D:8      | Noticed Iwannabefree's ghost (novice MiSk)
  9640 | D:8      | Reached ** piety under Vehumet
  9640 | D:8      | Offered knowledge of Throw Flame by Vehumet.
  9828 | D:8      | Noticed a hornet
  9837 | D:8      | Killed a hornet
 10119 | D:8      | Reached XP level 10. HP: 50/50 MP: 12/21
 10829 | D:8      | Killed Grum
 11372 | D:9      | Found a sacrificial altar of Ru.
 11515 | D:9      | Reached skill level 11 in Earth Magic
 11518 | D:9      | Offered knowledge of Searing Ray by Vehumet.
 12026 | D:9      | Found an ancient bone altar of Kikubaaqudgha.
 12449 | D:9      | Found a staircase to the Lair.
 12500 | Lair:1   | Entered Level 1 of the Lair of Beasts
 12679 | Lair:1   | Reached skill level 1 in Fighting
 12679 | Lair:1   | Reached skill level 1 in Armour
 12794 | Lair:1   | Reached skill level 1 in Maces & Flails
 13220 | Lair:1   | Noticed a spiny frog
 13222 | Lair:1   | Killed a spiny frog
 13222 | Lair:1   | Reached XP level 11. HP: 57/57 MP: 3/23
 13287 | Lair:1   | Reached *** piety under Vehumet
 13766 | Lair:1   | Learned a level 5 spell: Lee's Rapid Deconstruction
 13851 | Lair:2   | Found a frozen archway.
 13942 | Lair:2   | Reached skill level 12 in Earth Magic
 13977 | IceCv    | Entered an ice cave
 14032 | IceCv    | Learned a level 3 spell: Conjure Flame
 14899 | IceCv    | Noticed a necromancer
 14905 | IceCv    | Killed a necromancer
 15699 | IceCv    | Gained mutation: Your body sometimes deteriorates upon taking damage. [potion of mutation]
 15699 | IceCv    | Gained mutation: You expend magic power (3 MP) to strengthen your wands. [potion of mutation]
 15699 | IceCv    | Gained mutation: You are surrounded by a mild repulsion field. (EV +2) [potion of mutation]
 15699 | IceCv    | Gained mutation: Your mind is acute. (Int +2) [potion of mutation]
 15702 | IceCv    | HP: 3/60 [ice devil (11)]
 15996 | IceCv    | Offered knowledge of Fulminant Prism by Vehumet.
 17054 | Lair:2   | Noticed an eight-headed hydra
 17411 | Lair:2   | Reached skill level 10 in Conjurations
 17414 | Lair:2   | Reached XP level 12. HP: 65/66 MP: 11/25
 17723 | Lair:2   | Found a staircase to the Swamp.
 17727 | Lair:2   | Reached skill level 13 in Earth Magic
 17962 | Lair:2   | Killed an eight-headed hydra
 18169 | Lair:2   | Reached **** piety under Vehumet
 18176 | Lair:2   | Offered knowledge of Irradiate by Vehumet.
 18609 | Lair:3   | Noticed an eight-headed hydra
 18615 | Lair:3   | Killed an eight-headed hydra
 19376 | Lair:3   | Reached skill level 5 in Armour
 19630 | Lair:3   | Reached skill level 5 in Fighting
 19813 | Lair:4   | Noticed Nessos
 20268 | Lair:4   | Found a staircase to the Snake Pit.
 20308 | Lair:4   | Noticed a four-headed hydra
 20318 | Lair:4   | Killed a four-headed hydra
 20883 | Lair:4   | Reached skill level 5 in Maces & Flails
 20915 | Lair:4   | Killed Nessos
 20915 | Lair:4   | Reached skill level 14 in Earth Magic
 20915 | Lair:4   | Reached XP level 13. HP: 55/73 MP: 10/26
 21347 | Lair:4   | Reached skill level 10 in Spellcasting
 21664 | Lair:5   | Reached skill level 5 in Dodging
 22610 | Lair:5   | Found a runed door.
 22611 | Lair:5   | Found a viscous altar of Jiyva.
 22611 | Lair:5   | Noticed an acid blob
 22612 | Lair:5   | Noticed an acid blob
 22613 | Lair:5   | Found a staircase to the Slime Pits.
 22613 | Lair:5   | Noticed an acid blob
 22843 | Lair:5   | Reached ***** piety under Vehumet
 23238 | Lair:6   | Entered Level 6 of the Lair of Beasts
 23241 | Lair:6   | Offered knowledge of Olgreb's Toxic Radiance by Vehumet.
 24371 | Lair:5   | Reached skill level 15 in Earth Magic
 24971 | Lair:6   | Gained mutation: Your large and strong wings let you fly indefinitely. [Gargoyle growth]
 24971 | Lair:6   | Reached XP level 14. HP: 76/82 MP: 19/28
 25146 | Lair:6   | Noticed a dire elephant
 27285 | Lair:5   | HP: 1/82 [dire elephant (12)]
 27786 | Lair:5   | Killed a dire elephant
 28785 | D:10     | Entered Level 10 of the Dungeon
 28899 | D:10     | Noticed Harold
 28970 | D:10     | Noticed Maurice
 28977 | D:10     | Killed Maurice
 29461 | D:10     | Noticed Urug
 29470 | D:10     | Killed Urug
 29643 | D:10     | Killed Harold
 29690 | D:10     | Reached skill level 1 in Staves
 30020 | D:11     | Found a staircase to the Orcish Mines.
 30215 | D:11     | Offered knowledge of Iron Shot by Vehumet.
 30294 | D:11     | Learned a level 6 spell: Iron Shot
 30647 | D:11     | Found Ehuser's Book Shop.
 30655 | D:11     | Bought a book of Clouds for 630 gold pieces
 31251 | Orc:1    | Entered Level 1 of the Orcish Mines
 31254 | Orc:1    | Reached skill level 16 in Earth Magic
 31284 | Orc:1    | Noticed a stone giant
 31477 | Orc:1    | Killed a stone giant
 31645 | Orc:1    | Found a dark tunnel.
 31658 | Volcano  | Entered a volcano
 32141 | Volcano  | Found a burning altar of Makhleb.
 32152 | Volcano  | Paralysed by an ogre mage for 4 turns
 32160 | Volcano  | Reached XP level 15. HP: 46/90 MP: 0/29
 32719 | Volcano  | Reached XP level 16. HP: 96/96 MP: 17/30
 33473 | Orc:1    | Found a roughly hewn altar of Beogh.
 33551 | Orc:2    | Entered Level 2 of the Orcish Mines
 33551 | Orc:2    | Found a staircase to the Elven Halls.
 33832 | Orc:2    | Found a roughly hewn altar of Beogh.
 34153 | Orc:2    | Found a roughly hewn altar of Beogh.
 34220 | Orc:2    | Found Lionler's Magic Scroll Emporium.
 34231 | Orc:2    | Bought a scroll of identify for 28 gold pieces
 34231 | Orc:2    | Bought a scroll of identify for 28 gold pieces
 34603 | Orc:1    | Reached skill level 5 in Staves
 36290 | Orc:2    | Gained mutation: You are weak. (Str -2) [a neqoxec]
 36291 | Orc:2    | Gained mutation: You are very weak. (Str -4) [a neqoxec]
 37135 | Orc:2    | Found Loifonusm's Gadget Shoppe.
 37138 | Orc:2    | Found Kiut's Antique Weapon Shoppe.
 37139 | Orc:2    | Found Ebase's Assorted Antiques.
 37140 | Orc:2    | Found Ryramm's Gadget Emporium.
 37143 | Orc:2    | Bought a scroll labeled YTOUGH OLAGAMI for 34 gold pieces
 37143 | Orc:2    | Bought an ichor-stained helmet for 323 gold pieces
 37262 | D:11     | Bought a book of the Earth for 910 gold pieces
 37268 | D:11     | Learned a level 5 spell: Bolt of Magma
 37278 | D:11     | Learned a level 9 spell: Shatter
 37961 | D:12     | Offered knowledge of Bolt of Draining by Vehumet.
 38192 | D:13     | Found a gate to the Vaults.
 39464 | D:13     | Found a shimmering altar of Xom.
 39466 | D:13     | Found the +3 mace of Variability {chaos}
 41214 | D:15     | Entered Level 15 of the Dungeon
 41215 | D:15     | Identified the +0 helmet of the Worm {Regen+ Str+4 Dex+3} (You bought it in a shop on level 2 of the Orcish Mines)
 41604 | D:14     | Offered knowledge of Lightning Bolt by Vehumet.
 41607 | D:14     | Reached skill level 10 in Fighting
 42226 | D:14     | Splashed by a brown ugly thing's acid

Vault maps used:
D:1:      dpeg_arrival_shelter, minmay_pentomino_t2
D:2:      st_stairs_13
D:3:      nicolae_overflow_crystal_walls, hangedman_decor_riveting, uniq_sigmund
D:4:      lightli_temple_of_fire
D:5:      grunt_gozag_breadcrumbs, evilmike_ruin_ashenzari,
          minmay_temple_entry_trees, first_bread, uniq_eustachio
D:6:      marbit_many_paths, serial_glass, glass_columns_c, glass_columns_a,
          basic_altar
D:7:      gammafunk_temple_overflow_wave, minivault_23
D:8:      hangedman_pestilent_swarm, fountainhead, uniq_grum
D:9:      nicolae_ru_awakened_eye, lemuel_doored_altar, lair_entry_dummy
D:10:     uniq_urug, uniq_maurice, uniq_harold
D:11:     orc_0_dummy, serial_shops, shop, palyth_stone_intersect,
          minmay_misc_feat_pillars
D:13:     david_vaults_3, minmay_tree_intersection, grunt_ministairs_3,
          hangedman_decor_peaks_small, minmay_guarded_unrand_variability
D:14:     infiniplex_staircase_door_maze, hangedman_abyss_or_decor_lesser_grid
D:15:     gammafunk_depths_entry_grave, nrook_mini_backslash, special_room
Temple:   nicolae_temple_god_jail
Lair:2:   minmay_swamp_entry_worms, portal_ice_cave_entry_ice_beasts,
          beast_lair_carwin_10, grunt_megastairs_2
Lair:3:   infiniplex_staircase_pool_2, grunt_megastairs_1, lemuel_fruit_fields
Lair:4:   minmay_snake_entry_guardpost_small, beast_lair_carwin_1, uniq_nessos
Lair:5:   slime_altar_2, grunt_megastairs_3, serial_bayou_shore_b
Lair:6:   grunt_lair_end_beastmaster, nicolae_quartered_pool_little,
          serial_bayou_lagoon_a
Orc:1:    lemuel_ogre_cave, enter_volcano_2, david_defended_altar_orc
Orc:2:    st_orc_pillars, serial_shops, nicolae_shop_crystal, basic_altar,
          nicolae_orc_lost_temple
IceCv:    ice_cave_tombish
Volcano:  volcano_lake

Skill      XL: |  1  2  3  4  5  6  7  8  9 10 11 12 13 14 15 16 |
---------------+-------------------------------------------------+-----
Earth Magic    | 4 5 6 7 8 10 11 12 14 15 16 | 16.8
Spellcasting   | 3 4 5 6 7 8 9 10 11 | 11.4
Conjurations   | 2 4 6 8 9 10 11 12 | 12.6
Fighting       | 2 4 5 7 9 10 | 10.0
Armour         | 2 4 5 7 8 9 |  9.8
Maces & Flails | 1 3 5 6 7 |  7.0
Dodging        | 2 3 4 5 6 7 |  7.6
Staves         | 4 7 |  7.4
Stealth        | |  2.1
Transmutations | |  0.7

Action                   |  1- 3 |  4- 6 |  7- 9 | 10-12 | 13-15 | 16-18 || total
-------------------------+-------+-------+-------+-------+-------+-------++-------
Melee: Club              |   110 |   190 |   266 |   107 |    31 |       ||   704
       Unarmed           |     8 |       |       |       |       |       ||     8
       Staff             |       |       |       |       |    52 |   430 ||   482
 Cast: Sandblast         |    32 |    50 |   125 |   112 |   103 |   133 ||   555
       Stone Arrow       |       |     5 |    59 |   315 |   527 |   431 ||  1337
       Lee's Rapid Decon |       |       |       |     7 |       |       ||     7
       Iron Shot         |       |       |       |       |     6 |    21 ||    27
       Bolt of Magma     |       |       |       |       |       |     7 ||     7
 Abil: Fly               |       |       |       |       |     1 |       ||     1
  Use: Scroll            |       |    10 |     4 |     5 |    14 |     2 ||    35
       Potion            |       |       |       |     6 |     5 |     1 ||    12
 Stab: Sleeping          |     2 |     3 |     2 |       |     1 |     2 ||    10
       Distracted        |       |     1 |       |       |       |       ||     1
  Eat: Chunk             |     3 |     8 |    19 |    24 |    29 |    31 ||   114
       Fruit             |       |       |     2 |     1 |       |       ||     3
       Royal jelly       |       |       |       |     5 |     4 |     3 ||    12
Armor: Robe              |    46 |    84 |   275 |   156 |   107 |   203 ||   871
       Skin              |       |       |       |       |    14 |       ||    14
Dodge: Dodged            |   122 |   171 |   387 |   292 |   441 |   667 ||  2080

Table legend:
 A = Spawn XP
 B = Non-spawn XP
 C = Spawn XP percentage of total XP
 D = Spawn monster count
 E = Non-spawn monster count
 F = Spawn count percentage of total count
 G = Total turns spent on level
                    A         B        C        D         E        F      G
               +---------+---------+-------+---------+---------+-------+---------
         Total |       0 |  133995 |   0.0 |       0 |     738 |   0.0 | 42226
               +---------+---------+-------+---------+---------+-------+---------
           D:1 |       0 |      13 |   0.0 |       0 |       9 |   0.0 |   934
           D:2 |       0 |      85 |   0.0 |       0 |      28 |   0.0 |  1458
           D:3 |       0 |     344 |   0.0 |       0 |      29 |   0.0 |  1286
           D:4 |       0 |     451 |   0.0 |       0 |      25 |   0.0 |  1239
           D:5 |       0 |     752 |   0.0 |       0 |      28 |   0.0 |  1438
           D:6 |       0 |     684 |   0.0 |       0 |      16 |   0.0 |  1518
           D:7 |       0 |    1460 |   0.0 |       0 |      31 |   0.0 |  1888
           D:8 |       0 |    1779 |   0.0 |       0 |      30 |   0.0 |  1409
           D:9 |       0 |    1350 |   0.0 |       0 |      20 |   0.0 |  1286
          D:10 |       0 |    3529 |   0.0 |       0 |      18 |   0.0 |  1116
          D:11 |       0 |    3245 |   0.0 |       0 |      30 |   0.0 |  1627
          D:12 |       0 |    9193 |   0.0 |       0 |      48 |   0.0 |  1584
          D:13 |       0 |    9586 |   0.0 |       0 |      25 |   0.0 |  1392
          D:14 |       0 |    7693 |   0.0 |       0 |      24 |   0.0 |  1715
          D:15 |       0 |    5313 |   0.0 |       0 |      10 |   0.0 |   219
        Lair:1 |       0 |    3382 |   0.0 |       0 |      15 |   0.0 |  1469
        Lair:2 |       0 |    6022 |   0.0 |       0 |      31 |   0.0 |  1758
        Lair:3 |       0 |    4156 |   0.0 |       0 |      18 |   0.0 |  1738
        Lair:4 |       0 |    9058 |   0.0 |       0 |      38 |   0.0 |  1517
        Lair:5 |       0 |   12890 |   0.0 |       0 |      36 |   0.0 |  3299
        Lair:6 |       0 |   24023 |   0.0 |       0 |      64 |   0.0 |  3507
         Orc:1 |       0 |    5985 |   0.0 |       0 |      45 |   0.0 |  2221
         Orc:2 |       0 |    9510 |   0.0 |       0 |      79 |   0.0 |  2383
         IceCv |       0 |    6068 |   0.0 |       0 |      25 |   0.0 |  2961
       Volcano |       0 |    7424 |   0.0 |       0 |      16 |   0.0 |  1184
               +---------+---------+-------+---------+---------+-------+---------
